 Dungeon Crawl Stone Soup version 0.29.1-1-gd02db6906a (webtiles) character file.

Game seed: 3884843130879231555

116 lonewolfV2 the Shield-Bearer (level 4, -1/45 HPs)
             Began as a Troll Fighter on Oct 17, 2022.
             Slain by a gnoll sergeant
             ... wielding a +4 spear
              (6 damage)
             ... on level 2 of the Dungeon.
             The game lasted 00:03:11 (1445 turns).

lonewolfV2 the Shield-Bearer (Troll Fighter)        Turns: 1445, Time: 00:03:12

Health: -1/45      AC:  4    Str: 26    XL:     4   Next: 70%
Magic:  3/3        EV:  8    Int:  4    God:
Gold:   116        SH:  7    Dex:  9    Spells: 3/3 levels left

rFire   + . .      SeeInvis .     - Unarmed
rCold   + . .      Faith    .   b - +0 kite shield
rNeg    . . .      Spirit   .   a - +0 robe
rPois   +          Reflect  .   (helmet restricted)
rElec   +          Harm     .   (no cloak)
rCorr   +          Rampage  .   (gloves unavailable)
Will    .....                   (boots unavailable)
Stlth   +.........              (no amulet)
HPRegen 0.95/turn               (no ring)
MPRegen 0.08/turn               (no ring)

@: brilliant, resistant, hasted, very quick
A: large, unfitting armour, claws 3, regeneration 1, shaggy fur 1, tough skin 1
a: no special abilities


You were on level 2 of the Dungeon.
You visited 1 branch of the dungeon, and saw 2 of its levels.

You collected 116 gold pieces.

Inventory:

Armour
 a - a +0 robe (worn)
 b - a +0 kite shield (worn)
Jewellery
 d - a ring of see invisible
Scrolls
 f - 2 scrolls of identify
 h - a scroll of amnesia {unknown}
 k - a scroll of torment {unknown}
Potions
 c - 2 potions of might
 e - 2 potions of lignification
 j - a potion of brilliance


   Skills:
 + Level 3.1 Fighting
 + Level 3.0 Dodging
 + Level 3.4 Shields
 + Level 3.0 Unarmed Combat


You had 3 spell levels left.
You didn't know any spells.
Your spell library was empty.

Dungeon Overview and Level Annotations

Branches:
Dungeon (2/15)

Altars:

Shops:
D:1 (   D:2 (


Innate Abilities, Weirdness & Mutations

You are too large for most types of armour.
You have claws for hands.
Your natural rate of healing is unusually fast.
You are covered in fur. (AC +1)
You have tough skin. (AC +1)


Message History

Found a hand axe.
The gnoll sergeant shouts!
You hear a shout!
You see here a silvery potion.
There are monsters nearby!
There are monsters nearby!
There are monsters nearby!
There are monsters nearby!
You block the gnoll sergeant's attack. The gnoll closely misses you.
You scratch the gnoll sergeant.
The gnoll sergeant is lightly wounded.
The gnoll hits you from afar with a +0 halberd.
The gnoll sergeant barely misses you.
You claw the gnoll sergeant!
The gnoll sergeant is heavily wounded.
The gnoll hits you from afar with a +0 halberd.
The gnoll hits you but does no damage. You block the gnoll sergeant's attack.
You scratch the gnoll sergeant.
The gnoll sergeant is severely wounded.
The gnoll hits you from afar with a +0 halberd!
The gnoll sergeant hits you with a +4 spear.
You scratch the gnoll sergeant.
The gnoll sergeant is almost dead.
You block the gnoll's attack. The gnoll hits you with a +0 whip.
The gnoll sergeant hits you with a +4 spear.
* * * LOW HITPOINT WARNING * * *
It was a potion of brilliance.
You feel clever all of a sudden. You block the gnoll's attack.
The gnoll barely misses you.
The gnoll sergeant hits you with a +4 spear!
* * * LOW HITPOINT WARNING * * *
It was a potion of resistance.
You feel protected. You block the gnoll's attack.
The gnoll hits you with a +0 whip.
* * * LOW HITPOINT WARNING * * *
You block the gnoll sergeant's attack.
It was a potion of haste.
You feel yourself speed up. The gnoll hits you but does no damage.
You block the gnoll's attack.
The gnoll sergeant hits you with a +4 spear.
You die...

#.##.# .#.# #.# #..
#.##.# ##. #.# #.#
#.##.# ### # ..# #.#
#.##.# ###.### #.#
#.##.# ♣♣#..)..#♣♣ #.#
#.##.## ♣)#.....#.♣
#.#
#.#...#####♣.#..g..#.♣
#.#
...)......#♣.###'###.♣
#.#
..#...#####♣...g@g..)♣
#.# .....##
♣♣..♣.!..♣♣ #.# ..#.##
♣♣)..♣.♣♣ #.. .##.#
♣.....♣ ### ..#[#
♣♣...♣♣ ..#.# ♣..)♣###
....# ♣♣.♣♣#.# ....#
♣)♣ #[# ...## #)# #.#


You could see a gnoll sergeant and 2 gnolls.

Vanquished Creatures
  3 gnolls (D:2)
  3 adders (D:2)
  4 adder skeletons (D:2)
  2 worms (D:2)
  2 bats
  5 endoplasms
  A giant cockroach (D:1)
  3 goblins
  5 hobgoblins
  3 jackals (D:2)
  3 kobolds
  A quokka (D:2)
  3 ball pythons
  A frilled lizard (D:1)
  2 quokka zombies (D:2)
  A rat (D:1)
42 creatures vanquished.

Vanquished Creatures (others)
  2 withered plants (D:2)
2 creatures vanquished.

Grand Total: 44 creatures vanquished

Notes
Turn   | Place    | Note
-------+----------+-------------------------------------------
     0 | D:1      | lonewolfV2 the Troll Fighter began the quest for the Orb.
     0 | D:1      | Reached XP level 1. HP: 22/22 MP: 0/0
   116 | D:1      | Found Tusej's Weapon Shop.
   186 | D:1      | Reached XP level 2. HP: 29/29 MP: 1/1
   648 | D:2      | Reached XP level 3. HP: 36/36 MP: 2/2
   996 | D:2      | Found Kabur's Weapon Shoppe.
  1068 | D:2      | Reached XP level 4. HP: 40/44 MP: 3/3
  1435 | D:2      | Noticed a gnoll sergeant
  1435 | D:2      | Found the +3 woodcutter's axe {vorpal}
  1445 | D:2      | Slain by a gnoll sergeant

Illustrated notes

Levels and vault maps discovered:
D:1:      shiori_arrival_oz, layout_rooms, serial_shops, nicolae_shop_waterfront
D:2:      layout_loops_ring, serial_undead, serial_undead_f, serial_undead_a,
          serial_undead_c, serial_undead_f, serial_shops,
          nicolae_shop_waterfront, pf_guarded_unrand_woodcutter

Skill      XL: |  1  2  3  4 |
---------------+-------------+-----
Shields        | 3 |  3.4
Fighting       | 3 |  3.1
Dodging        | 3 |  3.0
Unarmed Combat | 3 |  3.0

Action                   |  1- 3 |  4- 6 || total
-------------------------+-------+-------++-------
Melee: Unarmed           |    81 |    44 ||   125
  Use: Scroll            |     1 |       ||     1
       Potion            |       |     3 ||     3
 Stab: Sleeping          |     1 |       ||     1
Armor: Robe              |    38 |    12 ||    50
Dodge: Dodged            |    38 |    13 ||    51
Block: Kite shield       |    57 |    22 ||    79
